 Dungeon Crawl Stone Soup version 0.28.0-1-gb440e238dd (webtiles) character file.

Game seed: 3358521129420098463

93 pkoi the Ruffian (level 4, 0/38 HPs)
             Began as a Draconian Monk on Feb 25, 2022.
             Slain by a hound (5 damage)
             ... on level 4 of the Dungeon.
             The game lasted 00:03:07 (4027 turns).

pkoi the Ruffian (Draconian Monk)                   Turns: 4027, Time: 00:03:08

Health: 0/38       AC:  5    Str: 14    XL:     4   Next: 36%
Magic:  4/4        EV: 13    Int: 12    God:
Gold:   165        SH:  5    Dex: 13    Spells: 3/3 levels left

rFire   . . .      SeeInvis .     - Unarmed
rCold   . . .      Faith    .   (no shield)
rNeg    . . .      Spirit   .   (armour unavailable)
rPois   .          Reflect  +   (helmet restricted)
rElec   .          Harm     .   (no cloak)
rCorr   .          Rampage  .   (no gloves)
Will    .....                   (no boots)
Stlth   ++........              d - amulet of reflection
HPRegen 0.12/turn               (no ring)
MPRegen 0.09/turn               (no ring)

@: brilliant
A: AC +5, unfitting armour, cold-blooded
a: no special abilities


You were on level 4 of the Dungeon.
You visited 1 branch of the dungeon, and saw 4 of its levels.

You collected 165 gold pieces.

Inventory:

Hand Weapons
 b - a +0 spear
 j - a +0 whip
 m - a +1 whip of holy wrath
Missiles
 n - 2 boomerangs (quivered)
Jewellery
 d - an amulet of reflection (around neck)
 p - an amulet of regeneration
Scrolls
 a - 3 scrolls of identify {unknown}
 c - 3 scrolls of teleportation {unknown}
 e - a scroll of amnesia {unknown}
 f - a scroll of acquirement {unknown}
 g - a scroll of noise {unknown}
 h - a scroll of enchant weapon {unknown}
 i - a scroll of immolation {unknown}
Potions
 l - a potion of curing {unknown}
 o - a potion of lignification {unknown}


   Skills:
 - Level 3.2 Fighting
 + Level 3.3 Dodging
 - Level 1.7 Stealth
 * Level 4.7 Unarmed Combat


You had 3 spell levels left.
You didn't know any spells.
Your spell library contained the following spells:

 Spells                   Type           Power      Damage    Failure   Level
 Sandblast                Erth           0%         2d4       32%         1
 Passwall                 Tmut/Erth      0%         N/A       45%         2
 Sublimation of Blood     Necr           0%         N/A       45%         2
 Wereblood                Tmut           0%         N/A       45%         2
 Stone Arrow              Conj/Erth      0%         3d7       69%         3
 Summon Hydra             Summ           0%         N/A       100%        7


Dungeon Overview and Level Annotations

Branches:
Dungeon (4/15)
 Temple: D:4-7

Altars:

Annotations:
D:4 3 runed translucent doors, Duvessa


Innate Abilities, Weirdness & Mutations

Your plain brown scales are hard. (AC +5)
You cannot fit into any form of body armour.
You are cold-blooded and may be slowed by cold attacks.


Message History

You hit the quokka.
You tail-slap the quokka, but do no damage.
The quokka is heavily wounded.
The quokka closely misses you.
You hit the quokka. You punch the quokka.
You kill the quokka!
Found a runed translucent gate.
Found a stone staircase leading down.
p - an amulet of regeneration
Okay, then.
There is an open door here.
Found a leather armour.
A hound comes into view.
An orc comes into view. It is wielding a +0 whip.
An orc comes into view. It is wielding a +0 dagger.
The orc priest shouts!
The orc shouts!
The hound barks!
The orc shouts!
The hound barely misses you. The hound misses you.
The hound bites you but does no damage. The hound misses you.
The orc priest mumbles some strange prayers to Beogh against you.
Beogh smites you!
* * * LOW HITPOINT WARNING * * *
The orc throws a boomerang.
The boomerang hits you.
* * * LOW HITPOINT WARNING * * *
The hound bites you.
* * * LOW HITPOINT WARNING * * *
The hound bites you.
* * * LOW HITPOINT WARNING * * *
The orc priest mumbles some strange prayers to Beogh against you.
Beogh smites you!
* * * LOW HITPOINT WARNING * * *
The hound barely misses you. The hound bites you.
* * * LOW HITPOINT WARNING * * *
The hound barely misses you.
It was a potion of brilliance.
You feel clever all of a sudden. The hound bites you.
You die...

### #.. #.# #.#
#######.### ..........#
###############.#.#######
#.........@h.o...........
#.##.####.#####o#.######
#.# #.# #.#.# #.# #.#
#.#.# ## # #.# #.#
#o#.########
P⌠P#.##.####.#
#o.........#.
...#.........#
#..........#.
...#....######
#.o........#.
...+.......#
#.#'########.


You could see a hound and 2 orcs.

Vanquished Creatures
  An adder (D:3)
  2 worms (D:2)
  3 dart slugs
  8 orcs (D:4)
  3 ball pythons
  2 endoplasms (D:1)
  4 giant cockroaches
  4 goblins
  7 hobgoblins
  3 jackals (D:2)
  8 kobolds
  3 quokkas
  4 frilled lizards
  7 rats
59 creatures vanquished.

Notes
Turn   | Place    | Note
-------+----------+-------------------------------------------
     0 | D:1      | pkoi the Draconian Monk began the quest for the Orb.
     0 | D:1      | Reached XP level 1. HP: 19/19 MP: 1/1
     2 | D:1      | Noticed a draconian
     2 | D:1      | Noticed an elf
     4 | D:1      | Noticed a tengu
     4 | D:1      | Noticed an ogre
     6 | D:1      | Noticed a minotaur
     8 | D:1      | Noticed a dwarf
     8 | D:1      | Noticed a vampire
    10 | D:1      | Noticed a troll
    14 | D:1      | Noticed a human
    16 | D:1      | Noticed an octopode
    16 | D:1      | Noticed a spriggan
    19 | D:1      | Noticed a felid
    19 | D:1      | Noticed a demigod
    21 | D:1      | Noticed a demonspawn
    21 | D:1      | Noticed a ghoul
    23 | D:1      | Noticed a formicid
    23 | D:1      | Noticed a merfolk
    25 | D:1      | Noticed a gargoyle
    25 | D:1      | Noticed a vine stalker
    27 | D:1      | Noticed a naga
   539 | D:1      | Reached XP level 2. HP: 26/26 MP: 2/2
  1355 | D:2      | Reached skill level 4 in Unarmed Combat
  1355 | D:2      | Reached XP level 3. HP: 25/31 MP: 3/3
  2544 | D:3      | Reached XP level 4. HP: 33/38 MP: 4/4
  3003 | D:3      | Found a faded altar of an unknown god.
  3528 | D:4      | Noticed Duvessa
  3528 | D:4      | Noticed a phantom
  3962 | D:4      | Found a runed translucent gate.
  3963 | D:4      | Found a runed translucent gate.
  3963 | D:4      | Found a runed translucent gate.
  4027 | D:4      | Slain by a hound

Illustrated notes

Levels and vault maps discovered:
D:1:      kb_arrival_jail, layout_basic, st_stairs_12
D:2:      layout_basic
D:3:      layout_basic, hellmonk_ecumenical_altar_inner_sanctum
D:4:      layout_basic, gammafunk_ghost_cemetery, serial_park_tiny_1,
          uniq_grinder, uniq_menkaure, uniq_duvessa, uniq_natasha

Skill      XL: |  1  2 |
---------------+-------+-----
Dodging        | 3 |  3.3
Unarmed Combat | 4 |  4.7
Fighting       | |  3.2
Stealth        | |  1.7

Action                   |  1- 3 |  4- 6 || total
-------------------------+-------+-------++-------
Melee: Unarmed           |    29 |     9 ||    38
       Spear             |   145 |    55 ||   200
       Tailslap          |    19 |    13 ||    32
       Punch             |     6 |     4 ||    10
  Use: Potion            |       |     1 ||     1
 Stab: Sleeping          |    10 |     3 ||    13
       Distracted        |     1 |       ||     1
Armor: Skin              |    39 |    11 ||    50
Dodge: Dodged            |    65 |    33 ||    98
Block: Other             |    15 |     7 ||    22
